 Dungeon Crawl Stone Soup version 0.27-a0-1144-g0b7d3b79db (webtiles) character file.

Game seed: 13728481874903340132

47 kae the Skirmisher (level 3, -1/29 HPs)
             Began as a Demonspawn Abyssal Knight on May 10, 2021.
             Was a Follower of Lugonu.
             Slain by an adder (2 damage)
             ... on level 3 of the Dungeon.
             The game lasted 00:01:18 (2258 turns).

kae the Skirmisher (Demonspawn Abyssal Knight)      Turns: 2258, Time: 00:01:19

Health: -1/29      AC:  4    Str: 13    XL:     3   Next: 48%
Magic:  4/4        EV: 11    Int: 13    God:    Lugonu [*.....]
Gold:   96         SH:  4    Dex: 14    Spells: 2/2 levels left

rFire    . . .     SeeInvis .   a - +1 falchion
rCold    . . .     Faith    .   (no shield)
rNeg     . . .     Spirit   .   b - +0 leather armour
rPois    .         Reflect  .   (no helmet)
rElec    .         Harm     .   k - +0 cloak
rCorr    .         Rampage  .   (no gloves)
Will     +....                  (no boots)
Stlth    ++........             g - amulet of magic regeneration
HPRegen  0.09/turn              h - ring of willpower
MPRegen  0.34/turn              (no ring)

@: no status effects
A: hooves 1, large bone plates 1, camouflage 1, agile 1, deterioration 1, sense
surroundings 1
a: Renounce Religion, Depart the Abyss


You were on level 3 of the Dungeon.
You worshipped Lugonu.
Lugonu was aware of your devotion.
You visited 1 branch of the dungeon, and saw 3 of its levels.
You visited the Abyss 1 time.

You collected 96 gold pieces.

Inventory:

Hand Weapons
 a - a +1 falchion (weapon)
Missiles
 e - 2 throwing nets
Armour
 b - a +0 leather armour (worn)
 k - a +0 cloak (worn)
Jewellery
 d - a ring of fire
 g - an amulet of magic regeneration (around neck)
 h - a ring of willpower (left hand)
 m - a +6 ring of intelligence
Wands
 j - a wand of paralysis (3)
 l - a wand of iceblast (13)
Scrolls
 n - a scroll of identify {unknown}
Potions
 i - a potion of berserk rage {unknown}


   Skills:
 + Level 3.5 Fighting
 * Level 3.1 Long Blades
 - Level 1.7 Armour
 - Level 0.8 Dodging
 - Level 2.4 Invocations


You had 2 spell levels left.
You didn't know any spells.
Your spell library was empty.

Dungeon Overview and Level Annotations

Branches:
Dungeon (3/15)

Altars:


Innate Abilities, Weirdness & Mutations

You have large cloven feet.
You are partially covered in large bone plates. (SH +4)
Your skin changes colour to match your surroundings (Stealth+).
You are agile. (Dex +2)
Your body sometimes deteriorates upon taking damage.
You passively map a small area around you.


Message History

The adder poisons you!
You are too injured to fight recklessly!
You closely miss the adder.
You feel sick. The adder bites you. The adder barely misses you.
You are too injured to fight recklessly!
You are too injured to fight recklessly!
An adder is nearby!
You hit the adder.
The adder is lightly wounded.
You feel sick. The adder bites you.
You barely miss the adder. Your kick misses the adder.
The adder is lightly wounded.
You feel sick. The adder bites you.
You are more poisoned.
The adder poisons you! The adder barely misses you.
You barely miss the adder. Your kick misses the adder.
The adder is lightly wounded.
You feel sick. The adder bites you but does no damage.
You hit the adder. Your kick misses the adder.
The adder is moderately wounded.
You feel sick. The adder barely misses you.
You riposte.
You closely miss the adder. Your kick misses the adder.
The adder is moderately wounded.
The adder barely misses you.
You closely miss the adder. Your kick misses the adder.
The adder is moderately wounded.
You feel sick. The adder bites you.
* * * LOW HITPOINT WARNING * * *
It was a potion of mutation.
You feel extremely strange.
You feel yourself wasting away.
You feel agile.
You feel a strange attunement to the structure of the dungeons.
Your skin functions as natural camouflage.
* * * LOW HITPOINT WARNING * * *
You feel sick. The adder barely misses you. You block the adder's attack.
It was a potion of cancellation.
You feel magically purged.
* * * LOW HITPOINT WARNING * * *
You feel sick.
You are no longer poisoned.
The adder bites you.
You die...

....##.#............... ,
........>...............
, ,
....##.#................
....##.#.......$........,
....##.#.....)....$.....
<...##.#................
.#+###.#................
.# ........$.).<...... ##
#.#.......†@S....?. ,
,....................
.#####...............
.................. , ,
###...............
#............... , , *
#............... *
#............... * ,


You could see an adder.

Vanquished Creatures
  3 dart slugs
  3 ball pythons (D:2)
  3 endoplasms (D:1)
  2 giant cockroaches
  6 hobgoblins
  4 kobolds
  2 quokkas
  4 bats
  3 frilled lizards
  3 goblins
  6 rats
39 creatures vanquished.

Notes
Turn   | Place    | Note
-------+----------+-------------------------------------------
     0 | Abyss:1  | kae the Demonspawn Abyssal Knight began the quest for the
                  | Orb.
     0 | Abyss:1  | Reached XP level 1. HP: 18/18 MP: 2/2
    35 | Abyss:1  | Found a corrupted altar of Lugonu.
   116 | Abyss:1  | Noticed a small abomination
   119 | Abyss:1  | Noticed a large abomination
   137 | Abyss:1  | Noticed a will-o-the-wisp
   138 | D:1      | Escaped the Abyss
   479 | D:1      | Gained mutation: You are partially covered in large bone
                  | plates. (SH +4) [demonic ancestry]
   479 | D:1      | Reached XP level 2. HP: 16/24 MP: 3/3
   481 | D:1      | Reached * piety under Lugonu
  1500 | D:2      | Gained mutation: You have large cloven feet. [demonic
                  | ancestry]
  1500 | D:2      | Reached XP level 3. HP: 27/29 MP: 4/4
  2257 | D:3      | Gained mutation: Your body sometimes deteriorates upon
                  | taking damage. [potion of mutation]
  2257 | D:3      | Gained mutation: You are agile. (Dex +2) [potion of
                  | mutation]
  2257 | D:3      | Gained mutation: You passively map a small area around you.
                  | [potion of mutation]
  2257 | D:3      | Gained mutation: Your skin changes colour to match your
                  | surroundings (Stealth+). [potion of mutation]
  2258 | D:3      | HP: 1/29 [poisoned by an adder]
  2258 | D:3      | Slain by an adder

Illustrated notes

Levels and vault maps discovered:
D:1:      dpeg_arrival_shelter, layout_basic, minmay_ruptured
D:2:      layout_loops_ring
D:3:      layout_basic

Skill      XL: |  1  2  3 |
---------------+----------+-----
Long Blades    | 2 3 |  3.1
Fighting       | |  3.5
Armour         | |  1.7
Dodging        | |  0.8
Invocations    | |  2.4

Action                   || total
-------------------------++-------
Melee: Falchion          ||    96
       Kick              ||     6
Invok: Depart the Abyss  ||     1
  Use: Scroll            ||     3
       Potion            ||     2
Armor: Leather armour    ||    37
Dodge: Dodged            ||    95
Block: Other             ||    19
       Rpst.: Falchion   ||    29

Table legend: (Time is in decaauts)
 A = Elapsed time spent in this place.
 B = Non-inter-level travel time spent in this place.
 C = Inter-level travel time spent in this place.
 D = Time resting spent in this place.
 E = Time spent auto-exploring this place.
 F = Levels seen in this place.
 G = Mean time per level.
                   A        B        C        D        E       F      G
               +--------+--------+--------+--------+--------+-----+--------+
         Total |   2273 |   2173 |    100 |    360 |   1508 |   4 |  568.2 |
       Dungeon |   2135 |   2035 |    100 |    360 |   1393 |   3 |  711.7 |
         Abyss |    138 |    138 |      0 |      0 |    115 |   1 |  138.0 |
               +--------+--------+--------+--------+--------+-----+--------+

Top non-repeatable levels by time:
     D:1: 1266 daAuts
     D:2: 731 daAuts
 Abyss:1: 138 daAuts
     D:3: 137 daAuts
